 Seeded DCSS version 0.31.0-11-ge490571c62 (webtiles) character file.

Game seed: 8799821514367181042 (custom seed)

44 CInkIbrahim the Chopper (level 3, 23/23 HPs)
             Began as a Gargoyle Fighter on Feb 11, 2024.
             Quit the game on level 1 of the Dungeon.
             The game lasted 00:00:38 (771 turns).

CInkIbrahim the Chopper (Gargoyle Fighter)           Turns: 771, Time: 00:00:38

Health: 23/23      AC: 10    Str: 21    XL:     3   Next: 62%
Magic:  3/3        EV:  9    Int:  8    God:
Gold:   33         SH:  4    Dex:  9    Spells: 2/2 levels left

rFire   . . .        a - +0 war axe
rCold   . . .        c - +0 buckler
rNeg    + . .        b - +0 scale mail
rPois   ∞            (no helmet)
rElec   +            (no cloak)
rCorr   .            (no gloves)
SInv    .            (no boots)
Will    .....        (no amulet) Stlth
                     (no ring)
HPRegen 0.23/turn    (no ring)
MPRegen 0.08/turn

%: no passive effects
@: no status effects
A: sickness immunity, AC +3, negative energy resistance 1, electricity
resistance, torment resistance 1, petrification resistance
a: no special abilities


You were on level 1 of the Dungeon.
You visited 1 branch of the dungeon, and saw 1 of its levels.

You collected 33 gold pieces.

Inventory:

Hand Weapons
 a - a +0 war axe (weapon)
Armour
 b - a +0 scale mail (worn)
 c - a +0 buckler (worn)
Scrolls
 g - a scroll of acquirement
Potions
 d - 3 potions of might
 e - a potion of berserk rage {unknown}
 f - a potion of curing {unknown}
 h - a potion of haste {unknown}


   Skills:
 - Level 3.2 Fighting
 + Level 3.5 Axes
 - Level 3.2 Armour
 - Level 3.2 Shields


You had 2 spell levels left.
You didn't know any spells.
Your spell library was empty.

Dungeon Overview and Level Annotations

Branches:
Dungeon (1/15)

Altars:

Shops:
D:1 (


Innate Abilities, Weirdness & Mutations

You are immune to sickness and miasma.
Your stone body is resilient. (AC +3)
You are immune to poison.
You resist negative energy. (rN+)
You are resistant to electric shocks. (rElec)
You are resistant to unholy torment.
You are immune to petrification.


Message History

No target in view!
A quokka comes into view.
The quokka bites you but does no damage.
A quokka is nearby!
You hit the quokka but do no damage. The quokka bites you.
A quokka is nearby!
You closely miss the quokka. You block the quokka's attack.
The quokka closely misses you.
A quokka is nearby!
You slash the quokka!
You kill the quokka!
You now have 33 gold pieces (gained 10).
You see here a +0 ring mail.
You see here a +0 club.
Done exploring.
No target in view!
Done exploring.
No target in view!
Done exploring.
No target in view!
Done exploring.
No target in view!
Done exploring.
No target in view!
Done exploring.
No target in view!
Done exploring.
No target in view!
Done exploring.
No target in view!
Done exploring.
No target in view!
Done exploring.
No target in view!
Done exploring.
No target in view!
Done exploring.
No target in view!
This is a scroll of acquirement!
Are you sure you want to abandon this character and quit the game? (Confirm with "yes".)

#......# #.# #.....
#####)## ### ###....
########.# ##.## ##(##...
#........###...###...####
#.######.##....'.'....#
#.######.###...#+#...##
#........# ##.##.##.##
#..#####.####'##.##'##
#..# #@>##.##...##.##
#..# ####.##.....##.#
#..# ##'...<...'## #..#
###.....### #..# ##...##
#.)# ##.##
#..#############.######
#.....................#
#.#####.#.#######.###.#


There were no monsters in sight!

Vanquished Creatures
  3 dart slugs (D:1)
  A bat (D:1)
  3 endoplasms (D:1)
  4 giant cockroaches (D:1)
  7 goblins (D:1)
  3 hobgoblins (D:1)
  4 jackals (D:1)
  2 quokkas (D:1)
  3 ball pythons (D:1)
  A frilled lizard (D:1)
31 creatures vanquished.

Notes
Turn   | Place    | Note
-------+----------+-------------------------------------------
     0 | D:1      | CInkIbrahim the Gargoyle Fighter began the quest for the
                  | Orb.
     0 | D:1      | Reached XP level 1. HP: 14/14 MP: 1/1
   102 | D:1      | Reached XP level 2. HP: 17/19 MP: 2/2
   416 | D:1      | Reached XP level 3. HP: 21/23 MP: 3/3
   567 | D:1      | Found Waanla's Antique Weapon Boutique.
   771 | D:1      | Identified a scroll of acquirement
   771 | D:1      | Quit the game

Illustrated notes

Levels and vault maps discovered:
D:1:      dpeg_arrival_rhombi, layout_loops_ring, serial_shops,
          nicolae_shop_pleasant_corner_grove

Skill      XL: |  1  2 |
---------------+-------+-----
Axes           | 2 3 |  3.5
Fighting       | |  3.2
Armour         | |  3.2
Shields        | |  3.2

Action                     || total
---------------------------++-------
  Melee: War axe           ||    94
 Armour: Scale mail        ||    72
  Dodge: Dodged            ||    38
  Block: Buckler           ||    16
